TOP OF THE 1ST |
Saskatoon Smokin' Guns batting - Pitching for Jasper Cougars : RHP Dae-ho Kim
|
Pitching: RHP Dae-ho Kim
|
|
Batting: RHB Chris Richards
|
0-0: Called Strike 0-1: Foul Ball, location: 2F 0-2: Strikes out swinging
|
Batting: RHB Eric Neal
|
0-0: Called Strike 0-1: SINGLE (Groundball, 56D)
|
Batting: LHB Freddy Herrera
|
0-0: Called Strike 0-1: Called Strike 0-2: Fielders Choice at 2nd, 3-6 (Groundball, 3)
|
Batting: LHB Del Kennedy
|
0-0: DOUBLE (Line Drive, 5L) Freddy Herrera to third Runner from 3rd tries for Home, SAFE, no throw or cutoff
|
Batting: RHB António Yánez
|
0-0: Swinging Strike 0-1: Ball 1-1: Foul Ball, location: 2F 1-2: 2-RUN HOME RUN (Flyball, 78XD), Distance : 380 ft
|
Batting: RHB Pedro Núńez
|
0-0: Ball 1-0: Ball 2-0: Fly out, F4 (Popup, 4MD)
|
Top of the 1st over - 3 run(s), 3 hit(s), 0 error(s), 0 left on base; Saskatoon 3 - Jasper 0 |
BOTTOM OF THE 1ST |
Jasper Cougars batting - Pitching for Saskatoon Smokin' Guns : RHP Arthur Benson
|
Pitching: RHP Arthur Benson
|
|
Batting: LHB Jon Scott
|
0-0: Fly out, F5 (Popup, 5F)
|
Batting: RHB Manuel Pérez
|
0-0: Fly out, F5 (Line Drive, 56)
|
Batting: RHB Jesús Hernández
|
0-0: Ball 1-0: Called Strike 1-1: Fly out, F3 (Popup, 3S)
|
Bottom of the 1st over - 0 run(s), 0 hit(s), 0 error(s), 0 left on base; Saskatoon 3 - Jasper 0 |
TOP OF THE 2ND |
Saskatoon Smokin' Guns batting - Pitching for Jasper Cougars : RHP Dae-ho Kim
|
Batting: RHB Raúl Méndez
|
0-0: Foul Ball, location: 2F 0-1: Ground out 5-3 (Groundball, 56S)
|
Batting: RHB Alvin Hampton
|
0-0: Ball 1-0: Called Strike 1-1: Called Strike 1-2: Foul Ball, location: 2F 1-2: Ball 2-2: Foul Ball, location: 2F 2-2: Strikes out swinging
|
Batting: RHB Jason O'Toole
|
0-0: Called Strike 0-1: Ball 1-1: Ground out 6-3 (Groundball, 6M)
|
Top of the 2nd over - 0 run(s), 0 hit(s), 0 error(s), 0 left on base; Saskatoon 3 - Jasper 0 |
BOTTOM OF THE 2ND |
Jasper Cougars batting - Pitching for Saskatoon Smokin' Guns : RHP Arthur Benson
|
Batting: SHB Ron Edwards
|
0-0: Ball 1-0: Called Strike 1-1: Called Strike 1-2: Ball 2-2: Strikes out looking
|
Batting: LHB Enrique Valentín
|
0-0: Ball 1-0: Foul Ball, location: 2F 1-1: Swinging Strike 1-2: SINGLE (Line Drive, 78S)
|
Batting: RHB Dan Hooper
|
0-0: Called Strike 0-1: Ball 1-1: Called Strike 1-2: Ball 2-2: Strikes out looking
|
Batting: RHB Dave Parker
|
0-0: Called Strike 0-1: Foul Ball, location: 2F 0-2: Ball Enrique Valentín is caught stealing 2nd base
|
Bottom of the 2nd over - 0 run(s), 1 hit(s), 0 error(s), 0 left on base; Saskatoon 3 - Jasper 0 |
TOP OF THE 3RD |
Saskatoon Smokin' Guns batting - Pitching for Jasper Cougars : RHP Dae-ho Kim
|
Batting: RHB Chris Richards
|
0-0: Foul Ball, location: 2F 0-1: Swinging Strike 0-2: Ground out 5-3 (Groundball, 5)
|
Batting: RHB Eric Neal
|
0-0: Called Strike 0-1: Ball 1-1: Foul Ball, location: 2F 1-2: Foul Ball, location: 2F 1-2: DOUBLE (Line Drive, 7LM)
|
Batting: LHB Freddy Herrera
|
0-0: Swinging Strike 0-1: Foul Ball, location: 2F 0-2: Ball 1-2: Strikes out swinging
|
Batting: LHB Del Kennedy
|
0-0: Ball 1-0: Called Strike 1-1: Foul Ball, location: 2F 1-2: DOUBLE (Flyball, 89XD) Eric Neal scores
|
Batting: RHB António Yánez
|
0-0: Called Strike 0-1: Ball 1-1: Fly out, F9 (Flyball, 9M)
|
Top of the 3rd over - 1 run(s), 2 hit(s), 0 error(s), 1 left on base; Saskatoon 4 - Jasper 0 |
BOTTOM OF THE 3RD |
Jasper Cougars batting - Pitching for Saskatoon Smokin' Guns : RHP Arthur Benson
|
Batting: RHB Dave Parker
|
0-0: SOLO HOME RUN (Flyball, 7D), Distance : 366 ft
|
Batting: RHB Juan Vázquez
|
0-0: Ball 1-0: Called Strike 1-1: Ball 2-1: Ground out 1-3 (Groundball, 13S)
|
Batting: RHB Greg King
|
0-0: Ball 1-0: Called Strike 1-1: Ball 2-1: Swinging Strike 2-2: Ball 3-2: Fly out, F9 (Flyball, 89D)
|
Batting: LHB Jon Scott
|
0-0: Called Strike 0-1: Ball 1-1: Ground out 1-3 (Groundball, 13S)
|
Bottom of the 3rd over - 1 run(s), 1 hit(s), 0 error(s), 0 left on base; Saskatoon 4 - Jasper 1 |
TOP OF THE 4TH |
Saskatoon Smokin' Guns batting - Pitching for Jasper Cougars : RHP Dae-ho Kim
|
Batting: RHB Pedro Núńez
|
0-0: Foul Ball, location: 2F 0-1: Ball 1-1: Called Strike 1-2: Foul Ball, location: 2F 1-2: Fly out, F8 (Flyball, 8LXD)
|
Batting: RHB Raúl Méndez
|
0-0: Swinging Strike 0-1: Foul Ball, location: 2F 0-2: Strikes out swinging
|
Batting: RHB Alvin Hampton
|
0-0: Ball 1-0: Called Strike 1-1: Ball 2-1: Ball 3-1: Foul Ball, location: 2F 3-2: Strikes out swinging
|
Top of the 4th over - 0 run(s), 0 hit(s), 0 error(s), 0 left on base; Saskatoon 4 - Jasper 1 |
BOTTOM OF THE 4TH |
Jasper Cougars batting - Pitching for Saskatoon Smokin' Guns : RHP Arthur Benson
|
Batting: RHB Manuel Pérez
|
0-0: Swinging Strike 0-1: SINGLE (Line Drive, 56D)
|
Batting: RHB Jesús Hernández
|
0-0: Ball 1-0: Ball 2-0: Ball 3-0: Called Strike 3-1: Foul Ball, location: 2F 3-2: Fly out, F9 (Flyball, 9LD)
|
Batting: SHB Ron Edwards
|
0-0: Called Strike 0-1: Ball 1-1: 2-RUN HOME RUN (Line Drive, 9D), Distance : 367 ft
|
Batting: LHB Enrique Valentín
|
0-0: SINGLE (Flyball, 7LS)
|
Batting: RHB Dan Hooper
|
0-0: Ball 1-0: Called Strike 1-1: Ball 2-1: Foul Ball, location: 2F 2-2: SINGLE (Groundball, 56D) Enrique Valentín to second
|
Batting: RHB Dave Parker
|
0-0: Called Strike 0-1: Foul Ball, location: 2F 0-2: Ball 1-2: Ball 2-2: Foul Ball, location: 2F 2-2: Ball 3-2: Strikes out swinging Dan Hooper is caught stealing 2nd base Batter strikes out.
|
Bottom of the 4th over - 2 run(s), 4 hit(s), 0 error(s), 1 left on base; Saskatoon 4 - Jasper 3 |
TOP OF THE 5TH |
Saskatoon Smokin' Guns batting - Pitching for Jasper Cougars : RHP Dae-ho Kim
|
Batting: RHB Jason O'Toole
|
0-0: Swinging Strike 0-1: Ball 1-1: Ground out 5-3 (Groundball, 56)
|
Batting: RHB Chris Richards
|
0-0: Ground out 6-3 (Groundball, 6)
|
Batting: RHB Eric Neal
|
0-0: Fly out, F4 (Popup, 4D)
|
Top of the 5th over - 0 run(s), 0 hit(s), 0 error(s), 0 left on base; Saskatoon 4 - Jasper 3 |
BOTTOM OF THE 5TH |
Jasper Cougars batting - Pitching for Saskatoon Smokin' Guns : RHP Arthur Benson
|
Batting: RHB Juan Vázquez
|
0-0: Ball 1-0: Called Strike 1-1: Foul Ball, location: 2F 1-2: Strikes out swinging
|
Batting: RHB Greg King
|
0-0: Called Strike 0-1: Ground out 1-3 (Groundball, 15)
|
Batting: LHB Jon Scott
|
0-0: Called Strike 0-1: Ball 1-1: Ball 2-1: Foul Ball, location: 2F 2-2: SINGLE (Popup, 4MD)
|
Batting: RHB Manuel Pérez
|
0-0: Ball 1-0: Called Strike 1-1: Foul Ball, location: 2F 1-2: SINGLE (Line Drive, 56) Jon Scott to second Jon Scott to third
|
Batting: RHB Jesús Hernández
|
0-0: Called Strike 0-1: SINGLE (Groundball, 3L) Jon Scott scores Manuel Pérez to second Runner from 2nd tries for 3rd, SAFE, no throw or cutoff
|
Batting: SHB Ron Edwards
|
0-0: Ball 1-0: Foul Ball, location: 2F 1-1: Foul Ball, location: 2F 1-2: Fielders Choice at 2nd, U6 (Groundball, 6M)
|
Bottom of the 5th over - 1 run(s), 3 hit(s), 0 error(s), 2 left on base; Saskatoon 4 - Jasper 4 |
TOP OF THE 6TH |
Saskatoon Smokin' Guns batting - Pitching for Jasper Cougars : RHP Dae-ho Kim
|
Batting: LHB Freddy Herrera
|
0-0: Foul Ball, location: 2F 0-1: Ball 1-1: Fly out, F6 (Popup, 6D)
|
Batting: LHB Del Kennedy
|
0-0: Fly out, F8 (Flyball, 8LXD)
|
Batting: RHB António Yánez
|
0-0: Called Strike 0-1: Swinging Strike 0-2: Ground out 6-3 (Groundball, 6M)
|
Top of the 6th over - 0 run(s), 0 hit(s), 0 error(s), 0 left on base; Saskatoon 4 - Jasper 4 |
BOTTOM OF THE 6TH |
Jasper Cougars batting - Pitching for Saskatoon Smokin' Guns : RHP Arthur Benson
|
Batting: LHB Enrique Valentín
|
0-0: Called Strike 0-1: Ball 1-1: SINGLE (Groundball, 34D)
|
Batting: RHB Dan Hooper
|
0-0: Called Strike Enrique Valentín steals 2nd base 0-1: Ball 1-1: Foul Ball, location: 2F 1-2: Ball 2-2: Ball 3-2: Strikes out looking
|
Batting: RHB Dave Parker
|
0-0: Intentional Walk
|
Pitching: LHP Alfonso Quintero
|
|
Batting: RHB Juan Vázquez
|
0-0: Called Strike 0-1: SINGLE (Flyball, 89S) Enrique Valentín to third Dave Parker to second Runner from 3rd tries for Home, SAFE, no throw or cutoff
|
Batting: RHB Greg King
|
0-0: Foul Ball, location: 2F 0-1: Ball 1-1: Swinging Strike 1-2: Ball 2-2: SINGLE (Line Drive, 6MD) Dave Parker to third Juan Vázquez to second
|
Batting: LHB Jon Scott
|
0-0: Foul Ball, location: 2F 0-1: Called Strike 0-2: Strikes out swinging
|
Batting: RHB Manuel Pérez
|
0-0: Fly out, F7 (Flyball, 78XD)
|
Bottom of the 6th over - 1 run(s), 3 hit(s), 0 error(s), 3 left on base; Saskatoon 4 - Jasper 5 |
TOP OF THE 7TH |
Saskatoon Smokin' Guns batting - Pitching for Jasper Cougars : RHP Dae-ho Kim
|
Batting: RHB Pedro Núńez
|
0-0: Ball 1-0: Called Strike 1-1: Ball 2-1: Swinging Strike 2-2: Strikes out swinging
|
Batting: RHB Raúl Méndez
|
0-0: Ball 1-0: Ball 2-0: Ball 3-0: Called Strike 3-1: SINGLE (Groundball, 15) (infield hit)
|
Batting: RHB Alvin Hampton
|
0-0: Called Strike 0-1: Ball Raúl Méndez steals 2nd base 1-1: Ground out 6-3 (Groundball, 6M) Raúl Méndez to third
|
Pitching: LHP Javier Galeas
|
|
Pinch Hitting: RHB Steven Jennings
|
0-0: Ball 1-0: Swinging Strike 1-1: Ball 2-1: DOUBLE (Flyball, 7LD) Raúl Méndez scores
|
Pinch Hitting: RHB Gary Spencer
|
0-0: Called Strike 0-1: Foul Ball, location: 2F 0-2: Ground out 5-3 (Groundball, 56)
|
Top of the 7th over - 1 run(s), 2 hit(s), 0 error(s), 1 left on base; Saskatoon 5 - Jasper 5 |
BOTTOM OF THE 7TH |
Jasper Cougars batting - Pitching for Saskatoon Smokin' Guns : LHP Alfonso Quintero
|
Now at 1B: Steven Jennings
|
|
Now in LF: José Suárez
|
|
Batting: RHB Jesús Hernández
|
0-0: Ball 1-0: Ball 2-0: Foul Ball, location: 2F 2-1: Ball 3-1: Base on Balls
|
Batting: SHB Ron Edwards
|
0-0: Ball 1-0: Called Strike 1-1: Ground out 4-3 (Groundball, 4S) Jesús Hernández to second
|
Batting: LHB Enrique Valentín
|
0-0: Ball 1-0: Swinging Strike 1-1: Ball 2-1: SINGLE (Line Drive, 8RS) Jesús Hernández to third
|
Batting: RHB Dan Hooper
|
0-0: Ball Enrique Valentín steals 2nd base 1-0: Called Strike 1-1: Fly out, F9 (Line Drive, 9LM) Runner from 3rd tags up, SCORES, throw made
|
Batting: RHB Dave Parker
|
0-0: Ball 1-0: Called Strike 1-1: Ball 2-1: Foul Ball, location: 2F 2-2: Foul Ball, location: 2F 2-2: Foul Ball, location: 2F 2-2: Ball 3-2: Base on Balls
|
Batting: RHB Juan Vázquez
|
0-0: Ball 1-0: Ball 2-0: Fly out, F7 (Flyball, 78M)
|
Bottom of the 7th over - 1 run(s), 1 hit(s), 0 error(s), 2 left on base; Saskatoon 5 - Jasper 6 |
TOP OF THE 8TH |
Saskatoon Smokin' Guns batting - Pitching for Jasper Cougars : LHP Javier Galeas
|
Pitching: RHP Pancho Hernández
|
|
Batting: RHB Eric Neal
|
0-0: Swinging Strike 0-1: Fly out, F8 (Flyball, 8LM)
|
Pitching: LHP Júlio Aguilar
|
|
Batting: LHB Freddy Herrera
|
0-0: Called Strike 0-1: Ball 1-1: Called Strike 1-2: Strikes out looking
|
Batting: LHB Del Kennedy
|
0-0: Foul Ball, location: 2F 0-1: SINGLE (Groundball, 4MD)
|
Pitching: RHP Steve Snyder
|
|
Batting: RHB António Yánez
|
0-0: Called Strike 0-1: Foul Ball, location: 2F 0-2: Strikes out looking
|
Top of the 8th over - 0 run(s), 1 hit(s), 0 error(s), 1 left on base; Saskatoon 5 - Jasper 6 |
BOTTOM OF THE 8TH |
Jasper Cougars batting - Pitching for Saskatoon Smokin' Guns : LHP Alfonso Quintero
|
Batting: RHB Greg King
|
0-0: Foul Ball, location: 2F 0-1: Called Strike 0-2: Foul Ball, location: 2F 0-2: Fly out, F8 (Flyball, 8LM)
|
Batting: LHB Jon Scott
|
0-0: Called Strike 0-1: Called Strike 0-2: Ball 1-2: Ball 2-2: Foul Ball, location: 2F 2-2: Strikes out swinging
|
Pitching: RHP Lorenzo Montáńez
|
|
Batting: RHB Manuel Pérez
|
0-0: Called Strike 0-1: Called Strike 0-2: Ball 1-2: Fly out, F7 (Line Drive, 7S)
|
Bottom of the 8th over - 0 run(s), 0 hit(s), 0 error(s), 0 left on base; Saskatoon 5 - Jasper 6 |
TOP OF THE 9TH |
Saskatoon Smokin' Guns batting - Pitching for Jasper Cougars : RHP Steve Snyder
|
Pitching: RHP Bennett Greer
|
|
Batting: RHB Pedro Núńez
|
0-0: Ball 1-0: Ball 2-0: Foul Ball, location: 2F 2-1: Ball 3-1: Ground out 1-3 (Groundball, 13S)
|
Batting: RHB Raúl Méndez
|
0-0: Called Strike 0-1: Ball 1-1: Ball 2-1: Ball 3-1: Base on Balls
|
Pinch Hitting: RHB Kenny Thompson
|
0-0: Ball 1-0: Foul Ball, location: 2F 1-1: Foul Ball, location: 2F 1-2: Strikes out swinging
|
Batting: RHB Steven Jennings
|
0-0: Swinging Strike 0-1: Foul Ball, location: 2F 0-2: Strikes out swinging
|
Top of the 9th over - 0 run(s), 0 hit(s), 0 error(s), 1 left on base; Saskatoon 5 - Jasper 6 |
|